 Dungeon Crawl Stone Soup version 0.28.0-53-g5a82cb258f (webtiles) character file.

Game seed: 8737126467365133373

175 mrburnz the Cudgeller (level 5, -2/47 HPs)
             Began as a Minotaur Berserker on May 25, 2022.
             Was a Believer of Trog.
             Slain by a kobold brigand
             ... wielding a +0 short sword
              (7 damage)
             ... in a sewer.
             The game lasted 00:08:12 (3426 turns).

mrburnz the Cudgeller (Minotaur Berserker)          Turns: 3426, Time: 00:08:14

Health: -2/47      AC:  6    Str: 24    XL:     5   Next: 29%
Magic:  4/4        EV: 10    Int:  4    God:    Trog [**....]
Gold:   131        SH:  0    Dex:  9    Spells: 4/4 levels left

rFire   + . .      SeeInvis .   a - +0 mace
rCold   x . .      Faith    .   (no shield)
rNeg    . . .      Spirit   .   i - +0 scale mail
rPois   .          Reflect  .   (helmet restricted)
rElec   .          Harm     .   (no cloak)
rCorr   .          Rampage  .   (no gloves)
Will    .....                   (no boots)
Stlth   ..........              (no amulet)
HPRegen 0.15/turn               m - ring of fire
MPRegen 0.09/turn               (no ring)

@: lethally poisoned (-2 -> -6), slowed, very slow
A: horns 2, retaliatory headbutt
a: Renounce Religion, Berserk, Trog's Hand


You were in a sewer.
You worshipped Trog.
Trog was pleased with you.
You visited 1 branch of the dungeon, and saw 3 of its levels.
You also visited: Sewer.

You collected 131 gold pieces.

Inventory:

Hand Weapons
 a - a +0 mace (weapon)
Armour
 i - a +0 scale mail (worn)
Jewellery
 m - a ring of fire (left hand)
 o - a ring of magical power
Wands
 d - a wand of iceblast (9)
 p - a wand of flame (9)
Scrolls
 e - a scroll of holy word {unknown}
 f - a scroll of blinking {unknown}
 g - a scroll of enchant armour {unknown}
 h - a scroll of magic mapping {unknown}
 k - a scroll of summoning {unknown}
 l - 2 scrolls of identify {unknown}
 q - a scroll of teleportation {unknown}
Potions
 b - a potion of brilliance {unknown}
 c - 2 potions of curing {unknown}
 j - a potion of heal wounds {unknown}
 n - a potion of magic {unknown}


   Skills:
 + Level 4.9 Fighting
 + Level 5.9 Maces & Flails
 + Level 3.4 Armour
 - Level 2.3 Dodging


You had 4 spell levels left.
You didn't know any spells.
Your spell library was empty.

Dungeon Overview and Level Annotations

Branches:
Dungeon (3/15)              Sewer (1/1)

Altars:
Dithmenos


Innate Abilities, Weirdness & Mutations

You have a pair of horns on your head.
You reflexively headbutt those who attack you in melee.


Message History

The worm bites you.
You hit the worm.
The worm is severely wounded.
You barely miss the worm.
The worm is severely wounded.
The worm misses you.
You hit the worm. Your headbutt misses the worm.
The worm is severely wounded.
You completely miss the worm. You punch the worm.
You kill the worm!
Trog accepts your kill.
You enter the shallow water.
Moving in this stuff is going to be slow. 2 kobold brigands come into view.
A kobold brigand is wielding a +0 short sword and quivering poisoned darts.
A kobold brigand is wielding a +0 dagger and quivering curare-tipped darts.
The kobold brigand shouts! x2
The kobold brigand throws a curare-tipped dart.
The curare-tipped dart hits you.
You are poisoned.
You have difficulty breathing.
You feel yourself slow down.
You enter the shallow water.
Moving in this stuff is going to be slow.
You feel extremely sick.
You feel very sick.
The kobold brigand splashes around in the water. x2
The kobold brigand hits you with a +0 dagger.
You hit the kobold brigand.
The kobold brigand is lightly wounded.
You feel very sick.
The kobold brigand hits you but does no damage.
The kobold brigand hits you with a +0 dagger!
* * * LOW HITPOINT WARNING * * *
You barely miss the kobold brigand.
The kobold brigand is lightly wounded.
You feel sick.
The kobold brigand hits you with a +0 short sword.
* * * LOW HITPOINT WARNING * * *
The kobold brigand hits you but does no damage.
The kobold brigand hits you with a +0 short sword!
You die...

#.≈≈≈≈≈ #≈≈.≈..
####### ##.≈≈...
#.≈≈).##### ##.≈≈≈..≈
#####.≈≈≈≈####≈≈≈≈##≈.
#.≈≈≈≈###≈≈≈...≈.####≈
####### #≈≈≈.≈≈.≈# ##≈
#.≈≈K≈###≈≈≈≈≈.≈####.≈
#@≈.≈≈########....
#.≈≈K.##### #.≈≈.≈
####### #≈.≈.# #.≈.##
#≈≈≈# #.≈.# ##≈≈≈##
#≈≈≈≈≈# #≈###≈#


You could see 2 kobold brigands.

Vanquished Creatures
  A jelly (D:3)
  5 adders
  5 worms
  2 dart slugs
  An orc (D:3)
  7 ball pythons
  8 bats
  4 endoplasms
  4 giant cockroaches
  5 goblins
  11 hobgoblins
  4 quokkas
  3 frilled lizards
  6 kobolds
  16 rats
82 creatures vanquished.

Notes
Turn   | Place    | Note
-------+----------+-------------------------------------------
     0 | D:1      | mrburnz the Minotaur Berserker began the quest for the Orb.
     0 | D:1      | Reached XP level 1. HP: 19/19 MP: 0/0
   154 | D:1      | Reached XP level 2. HP: 4/27 MP: 1/1
   426 | D:1      | Reached skill level 4 in Maces & Flails
   892 | D:1      | Found a faded altar of an unknown god.
   901 | D:1      | Reached XP level 3. HP: 29/33 MP: 2/2
  1617 | D:2      | Reached ** piety under Trog
  1706 | D:2      | Reached skill level 5 in Maces & Flails
  1710 | D:2      | Reached XP level 4. HP: 38/41 MP: 3/3
  2263 | D:3      | Found a shadowy altar of Dithmenos.
  2540 | D:3      | Reached XP level 5. HP: 37/47 MP: 4/4
  2902 | D:3      | Found a glowing drain.
  2906 | Sewer    | Entered a sewer
  3426 | Sewer    | Slain by a kobold brigand

Illustrated notes

Levels and vault maps discovered:
D:1:      dpeg_arrival_three_same_balls, layout_loops_ring,
          hellmonk_ecumenical_altar_blasted, minmay_misc_feat_secret_circle,
          minmay_strange_pillars, hangedman_decor_points, dk_noncrumbling_3
D:2:      layout_basic
D:3:      layout_loops_ring, nicolae_dithmenos_through_a_glass_darkly,
          gup_sewer_entry_bowl, minmay_close_crescents
Sewer:    sewer_co_tree

Skill      XL: |  1  2  3  4 |
---------------+-------------+-----
Fighting       | 4 |  4.9
Maces & Flails | 4 5 |  5.9
Armour         | 3 |  3.4
Dodging        | |  2.3

Action                   |  1- 3 |  4- 6 || total
-------------------------+-------+-------++-------
Melee: Mace              |    86 |    97 ||   183
       Headbutt          |    11 |    11 ||    22
       Punch             |       |     2 ||     2
Armor: Animal skin       |    14 |       ||    14
       Scale mail        |    18 |    41 ||    59
Dodge: Dodged            |    54 |    37 ||    91
